 Dungeon Crawl Stone Soup version 0.30-a0-168-g0b976cbdc4 (webtiles) character file.

Game seed: 9997058141893039620

961 IdlyInterested the Trooper (level 7, -1/87 HPs)
             Began as a Demonspawn Gladiator on Sept 28, 2022.
             Slain by Pikel
             ... wielding a +0 whip of flaming
              (5 damage)
             ... on level 4 of the Dungeon on Sept 29, 2022.
             The game lasted 00:13:57 (4942 turns).

IdlyInterested the Trooper (Demonspawn Gladiator)   Turns: 4942, Time: 00:13:58

Health: -1/87      AC:  0    Str: 15    XL:     7   Next: 92%
Magic:  7/7        EV: 12    Int:  9    God:
Gold:   238        SH:  5    Dex: 16    Spells: 6/6 levels left

rFire   . . .      SeeInvis .    a - +1 long sword
rCold   + . .      Faith    .    (no shield)
rNeg    . . .      Spirit   .    m - +0 ring mail
rPois   .          Reflect  +    (helmet restricted)
rElec   .          Harm     .    (no cloak)
rCorr   .          Rampage  .    (no gloves)
Will    .....                    (no boots)
Stlth   ..........               u - amulet of reflection
HPRegen 0.24/turn                (no ring)
MPRegen 0.10/turn                (no ring)

@: berserking, corroded, very quick
A: rugged brown scales 2, ignite blood 1, demonic touch 2, antennae 1, cold
resistance 1
a: no special abilities


You were on level 4 of the Dungeon.
You visited 1 branch of the dungeon, and saw 4 of its levels.
You also visited: Sewer and Ossuary.

You collected 238 gold pieces.

Inventory:

Hand Weapons
 a - a +1 long sword (weapon)
 g - a +0 short sword
 h - a +0 long sword
Missiles
 c - a javelin
 d - 5 throwing nets
 l - 15 poisoned darts (quivered)
Armour
 b - a +0 leather armour
 e - a +2 helmet
 i - a +0 chain mail
 m - a +0 ring mail (worn)
Jewellery
 u - an amulet of reflection (around neck)
Wands
 n - a wand of flame (3)
 s - a wand of mindburst (4)
Scrolls
 j - 3 scrolls of amnesia
 k - 2 scrolls of poison
 v - 3 scrolls of enchant armour
 w - 2 scrolls of teleportation
Potions
 f - a potion of haste
 o - a potion of might
 p - 2 potions of curing
 q - 2 potions of magic {unknown}
 r - 3 potions of heal wounds {unknown}
 t - a potion of mutation
 z - 2 potions of brilliance {unknown}
 A - a potion of berserk rage
 B - a potion of invisibility


   Skills:
 + Level 5.0 Fighting
 - Level 3.0 Long Blades
 - Level 3.0 Throwing
 - Level 3.0 Armour
 - Level 3.0 Dodging
 - Level 3.0 Stealth
 + Level 3.2 Unarmed Combat
 - Level 3.0 Evocations


You had 6 spell levels left.
You didn't know any spells.
Your spell library contained the following spells:

 Spells                   Type           Power      Damage    Failure   Level
 Apportation              Tloc           0%         N/A       61%         1
 Necrotise                Necr           0%         1d4       61%         1
 Summon Small Mammal      Summ           0%         N/A       61%         1
 Call Canine Familiar     Summ           0%         N/A       93%         3
 Kindle Blastsparks       Fire/Tloc/Air  0%         2d10      93%         3
 Summon Guardian Golem    Hex/Summ       0%         N/A       93%         3
 Flame Wave               Conj/Fire      0%         2d4       100%        4
 Fulminant Prism          Conj/Hex       0%         3d6       100%        4
 Iskenderun's Mystic Bla  Conj/Tloc      0%         2d3       100%        4
 Lee's Rapid Deconstruct  Erth           0%         3d5*      100%        5


Dungeon Overview and Level Annotations

Branches:
Dungeon (4/15)              Sewer (visited)         Ossuary (visited)
 Temple: D:4-7

Altars:

Annotations:
D:4 Pikel


Innate Abilities, Weirdness & Mutations

You are mostly covered in rugged brown scales. (AC +2, +5% HP)
Your demonic aura sometimes causes spilled blood to erupt in flames.
Your touch may inflict irresistible damage on your foes.
You have a pair of small antennae on your head.
Your flesh is cold resistant. (rC+)


Message History

The lemure misses you.
You closely miss the lemure. You block the lemure's attack.
You barely miss the lemure. You block the lemure's attack.
You completely miss Pikel.
You touch Pikel!
Pikel is moderately wounded.
Pikel hits you but does no damage.
You hit Pikel but do no damage.
You touch Pikel!
Pikel is heavily wounded.
Pikel zaps a wand.
The bolt of acid hits you! The acid corrodes you!
You hit Pikel but do no damage.
You touch Pikel.
Pikel is severely wounded.
Pikel hits you with a +0 whip of flaming.
Pikel burns you.
You hit Pikel.
Pikel is severely wounded.
Pikel barely misses you. You block Pikel's attack.
You closely miss Pikel. Your touch misses Pikel.
Pikel is severely wounded.
Pikel zaps a wand.
The bolt of acid hits you!!
* * * LOW HITPOINT WARNING * * *
The acid corrodes you!
A red film seems to cover your vision as you go berserk!
You feel yourself moving faster!
You feel mighty! Pikel misses you.
You barely miss Pikel. Your touch misses Pikel.
Pikel is severely wounded.
Pikel hits you with a +0 whip of flaming!
* * * LOW HITPOINT WARNING * * *
Pikel burns you.
* * * LOW HITPOINT WARNING * * *
You closely miss Pikel.
Pikel is severely wounded.
You block Pikel's attack.
You hit Pikel.
You touch Pikel!
Pikel is almost dead.
You closely miss Pikel.
Pikel is almost dead.
Pikel hits you with a +0 whip of flaming!
* * * LOW HITPOINT WARNING * * *
Pikel burns you.
You die...

#..# #.#
#..# #.#
#..# .# #..#
#..# ####
#!.{ #.# #@#
#K#
#######5####
#.#
.55>..55...#
#.#
##########.#
#.# #####.#
#.# #.....#
#.# #.#####
#.# #.# #.#


You could see Pikel and 3 lemures.

Vanquished Creatures
  Grinder (D:3)
  Sigmund (D:2)
  An elf zombie (Ossuary)
  A kobold brigand (Sewer)
  2 centaur zombies (Ossuary)
  3 human zombies (Ossuary)
  Ijyb (D:3)
  Jessica (D:2)
  An iguana (D:4)
  Terence (D:3)
  Robin (D:2)
  3 mummies (Ossuary)
  3 adders
  A river rat (Sewer)
  2 adder zombies (Ossuary)
  2 worms
  2 dart slugs
  6 endoplasms
  3 giant cockroaches
  2 gnoll zombies (Ossuary)
  12 goblins
  12 hobgoblins
  7 jackals
  13 kobolds
  2 quokkas (D:3)
  8 ball pythons
  4 bats
  4 frilled lizards
  4 goblin zombies (Ossuary)
  6 hobgoblin zombies (Ossuary)
  4 jackal zombies (Ossuary)
  6 kobold zombies (Ossuary)
  An orc zombie (Ossuary)
  4 quokka zombies (Ossuary)
  4 rats
  2 rat zombies (Ossuary)
131 creatures vanquished.

Notes
Turn   | Place    | Note
-------+----------+-------------------------------------------
     0 | D:1      | IdlyInterested the Demonspawn Gladiator began the quest for
                  | the Orb.
     0 | D:1      | Reached XP level 1. HP: 16/16 MP: 1/1
   104 | D:1      | Got the Compendium of Production and Fire
   346 | D:1      | Gained mutation: Your touch may inflict minor irresistible
                  | damage on your foes. [demonic ancestry]
   346 | D:1      | Reached XP level 2. HP: 22/22 MP: 2/2
   582 | D:1      | Upgraded the game from 0.30-a0-165-g1891117ce2 to
                  | 0.30-a0-168-g0b976cbdc4
  1050 | D:1      | Found a faded altar of an unknown god.
  1061 | D:2      | Noticed Jessica
  1063 | D:2      | Killed Jessica
  1064 | D:2      | Reached skill level 1 in Stealth
  1064 | D:2      | Gained mutation: Your touch may inflict irresistible damage
                  | on your foes. [demonic ancestry]
  1064 | D:2      | Reached XP level 3. HP: 28/28 MP: 3/3
  1585 | D:2      | Noticed Robin
  1598 | D:2      | Reached skill level 3 in Fighting
  1607 | D:2      | Gained mutation: You are partially covered in rugged brown
                  | scales. (AC +1, +3% HP) [demonic ancestry]
  1607 | D:2      | Reached XP level 4. HP: 10/36 MP: 4/4
  1625 | D:2      | Killed Robin
  1631 | D:2      | Reached skill level 1 in Unarmed Combat
  1997 | D:2      | Noticed Sigmund
  2132 | D:2      | Killed Sigmund
  2133 | D:2      | Gained mutation: You are mostly covered in rugged brown
                  | scales. (AC +2, +5% HP) [demonic ancestry]
  2133 | D:2      | Reached XP level 5. HP: 26/43 MP: 5/5
  2579 | D:3      | Noticed Grinder
  2586 | D:3      | Killed Grinder
  2587 | D:3      | Gained mutation: Your demonic aura sometimes causes spilled
                  | blood to erupt in flames. [demonic ancestry]
  2587 | D:3      | Reached XP level 6. HP: 19/49 MP: 6/6
  3012 | D:3      | Noticed Terence
  3023 | D:3      | Killed Terence
  3109 | D:3      | Noticed Ijyb
  3117 | D:3      | Killed Ijyb
  3118 | D:3      | Reached skill level 1 in Armour
  3118 | D:3      | Reached XP level 7. HP: 29/54 MP: 7/7
  3624 | D:3      | Gained mutation: You have a pair of small antennae on your
                  | head. [potion of mutation]
  3624 | D:3      | Gained mutation: Your flesh is cold resistant. (rC+)
                  | [potion of mutation]
  3681 | D:4      | Found a glowing drain.
  3700 | Sewer    | Entered a sewer
  4167 | D:4      | Found a sand-covered staircase.
  4172 | Ossuary  | Entered an ossuary
  4254 | Ossuary  | Reached skill level 4 in Fighting
  4621 | Ossuary  | Reached skill level 5 in Fighting
  4924 | D:4      | Noticed Pikel
  4942 | D:4      | HP: 4/87 [Pikel/+0 whip of flaming (11)]
  4942 | D:4      | Slain by Pikel

Illustrated notes

Levels and vault maps discovered:
D:1:      minmay_arrival_stone_box, layout_basic,
          shapermc_ecumenical_altar_mp_vishouse
D:2:      layout_basic, minivault_11, chequers_serial_rivers_marsh, uniq_robin,
          uniq_jessica, uniq_sigmund
D:3:      layout_rooms, minmay_misc_feat_cross, uniq_terence, uniq_ijyb,
          uniq_grinder
D:4:      layout_loops_ring, portal_sewer_entry_d, ebering_ghost_disaster_area,
          enter_ossuary_2, uniq_pikel

Skill      XL: |  1  2  3  4  5  6  7 |
---------------+----------------------+-----
Long Blades    | 3 |  3.0
Dodging        | 3 |  3.0
Stealth        | 1 2 3 |  3.0
Fighting       | 3 5 |  5.0
Unarmed Combat | 3 |  3.2
Throwing       | 2 3 |  3.0
Evocations     | 2 3 |  3.0
Armour         | 1 3 |  3.0

Action                   |  1- 3 |  4- 6 |  7- 9 || total
-------------------------+-------+-------+-------++-------
Melee: Long sword        |    86 |    85 |   235 ||   406
       Touch             |     7 |    18 |    42 ||    67
       Punch             |       |       |     5 ||     5
Throw: Javelin           |     1 |       |       ||     1
       Dart              |       |     2 |       ||     2
       Throwing net      |       |     2 |       ||     2
  Use: Scroll            |     4 |     4 |     9 ||    17
       Potion            |       |       |     4 ||     4
 Stab: Sleeping          |     5 |       |     3 ||     8
Armor: Leather armour    |    34 |    12 |       ||    46
       Chain mail        |       |    39 |       ||    39
       Ring mail         |       |     4 |    76 ||    80
Dodge: Dodged            |    59 |    37 |    98 ||   194
Block: Other             |       |       |    51 ||    51

Table legend: (Time is in decaauts)
 A = Elapsed time spent in this place.
 B = Non-inter-level travel time spent in this place.
 C = Inter-level travel time spent in this place.
 D = Time resting spent in this place.
 E = Time spent auto-exploring this place.
 F = Levels seen in this place.
 G = Mean time per level.
                   A        B        C        D        E       F      G
               +--------+--------+--------+--------+--------+-----+--------+
         Total |   5106 |   4674 |    432 |   1054 |   2278 |   6 |  851.0 |
       Dungeon |   4051 |   3619 |    432 |    919 |   1870 |   4 | 1012.8 |
         Sewer |    465 |    465 |      0 |      0 |    279 |   1 |  465.0 |
       Ossuary |    589 |    589 |      0 |    135 |    129 |   1 |  589.0 |
               +--------+--------+--------+--------+--------+-----+--------+

Top non-repeatable levels by time:
     D:2: 1369 daAuts
     D:1: 1260 daAuts
     D:3: 1184 daAuts
 Ossuary: 589 daAuts
   Sewer: 465 daAuts
     D:4: 237 daAuts
